 Dungeon Crawl Stone Soup version 0.31.0-12-g77e489cdc1 (webtiles) character file.

Game seed: 16415917215333167830

236 RancidPinata the Sneak (level 6, -1/41 (43) HPs)
             Began as an Octopode Delver on Feb 13, 2024.
             Slain by a wight
             ... wielding a +4 morningstar of freezing
              (14 damage)
             ... on level 6 of the Dungeon.
             The game lasted 00:03:46 (482 turns).

RancidPinata the Sneak (Octopode Delver)             Turns: 482, Time: 00:03:47

HP:   -1/41 (43)    AC:  1    Str: 11    XL:     6   Next: 6%
MP:   6/6           EV: 14    Int: 13    God:
Gold: 8             SH:  0    Dex: 15    Spells: 5/5 levels left

rFire   . . .        a - +0 short sword
rCold   . . .        (no shield)
rNeg    . . .        (helmet restricted)
rPois   .            (no amulet)
rElec   .            (no ring)
rCorr   .            (no ring)
SInv    .            (no ring)
Will    .....        (no ring)
Stlth   +++++        (no ring)
HPRegen 0.26/turn    (no ring)
MPRegen 0.10/turn    (no ring)
                     (no ring)

%: no passive effects
@: hasted, lightly drained, very quick
A: almost no armour, amphibious, 8 rings, camouflage 1, gelatinous body 1,
(nimble swimmer 1), tentacles
a: no special abilities


You were on level 6 of the Dungeon.
You visited 1 branch of the dungeon, and saw 3 of its levels.

You collected 8 gold pieces.

Inventory:

Hand Weapons
 a - a +0 short sword (weapon)
 g - a +1 morningstar of flaming
Missiles
 h - 4 poisoned darts (quivered)
 i - 5 stones
Wands
 f - a wand of digging (3)
Scrolls
 b - a scroll of fog
 c - a scroll of revelation
 d - 2 scrolls of fear
Potions
 j - a potion of magic {unknown}


   Skills:
 * Level 4.3 Fighting
 + Level 2.9 Short Blades
 + Level 0.3 Maces & Flails
 * Level 3.5 Dodging
 * Level 7.9 Stealth


You had 5 spell levels left.
You didn't know any spells.
Your spell library was empty.

Dungeon Overview and Level Annotations

Branches:
Dungeon (7/15)
 Temple: D:4-7

Altars:


Innate Abilities, Weirdness & Mutations

You cannot wear most types of armour.
You are amphibious.
You can wear up to eight rings at the same time.
Your skin changes colour to match your surroundings (Stealth+).
Your rubbery body absorbs attacks. (AC +1, EV +1)
((You are camouflaged when in or above water. (Stealth+)))
You have tentacles for arms and can constrict up to eight enemies at once.


Message History

There is a stone staircase leading down here.
You hit the kobold. Your grab misses the kobold.
The kobold is moderately wounded.
The kobold hits you with a +0 short sword.
You hit the kobold.
You kill the kobold!
You start resting.
HP restored.
You see here a +0 short sword.
Found a dagger.
A bullfrog comes into view.
Found a scroll labelled ESOETAL MOCECW and a rapier. 4 wights come into view.
A wight is wielding a +4 morningstar of freezing.
A malevolent force fills the Dungeon... and a teleportation trap spontaneously manifests!
You are yanked towards some nearby monsters!
Your surroundings seem slightly different.
An adder comes into view.
Found a black potion, a scroll labelled ZOGONW JILEPY and a rapier.
Found a stone staircase leading down.
The helpless wight fails to defend itself.
You puncture the wight! You grab the wight.
The wight is almost destroyed.
You constrict the wight, but do no damage.
The wight barely misses you.
You hit the wight.
You destroy the wight!
You have reached level 6!
The wight hits you with a +4 morningstar of freezing!
The wight freezes you.
You hit the wight. Your grab misses the wight.
You squeeze the wight, but do no damage.
The wight is lightly damaged.
The wight completely misses you. The wight barely misses you.
Okay, then.
You feel yourself speed up. The wight hits you with a +0 hand axe.
The wight closely misses you. The wight hits you with a +0 hand axe!
You feel drained.
The wight hits you with a +4 morningstar of freezing!
You die...

#........## #..........#
#....).....# #...>.S....#
## #........?.# #...
#..........#...#
##...........########
#......z.@!.........######
#......zz..########.......
#......)...# ##..##....
#..........# ####..#######
#..........# #....##### #.
#..........# #............
#..........# #..##########
#..........###.##
#..............#


You could see 3 wights and an adder (asleep).

Vanquished Creatures
  A water moccasin (D:5)
  A wight (D:6)
  An orc priest (D:6)
  An orc wizard (D:6)
  A shadow imp (D:5)
  2 ufetubi (D:5)
  3 orcs
  2 kobolds
12 creatures vanquished.

Notes
Turn   | Place    | Note
-------+----------+-------------------------------------------
     0 | D:5      | RancidPinata the Octopode Delver began the quest for the
                  | Orb.
     0 | D:5      | Reached XP level 1. HP: 16/16 MP: 1/1
     1 | D:6      | Noticed an orc priest
     1 | D:6      | Noticed an orc wizard
     2 | D:6      | Killed an orc priest
     3 | D:6      | Reached skill level 7 in Stealth
     3 | D:6      | Reached XP level 2. HP: 21/21 MP: 2/2
     3 | D:6      | Reached XP level 3. HP: 26/26 MP: 3/3
     9 | D:6      | Reached XP level 4. HP: 31/31 MP: 4/4
    35 | D:6      | Noticed a steam dragon
    35 | D:6      | Noticed a water moccasin
    62 | D:5      | Killed a water moccasin
    63 | D:5      | Reached XP level 5. HP: 5/37 MP: 5/5
   477 | D:6      | Reached XP level 6. HP: 43/43 MP: 6/6
   482 | D:6      | Slain by a wight

Illustrated notes

Levels and vault maps discovered:
D:5:      layout_loops_ring, nicolae_sif_muna_little_library,
          minmay_temple_entry_slanted, serial_shops, nicolae_square_shop,
          minmay_quadrilaterals
D:6:      layout_rooms, mainiacjoe_overflow_cross_hatched
D:7:      layout_rooms, amcnicky_altar_gilded, nicolae_ru_sacrificial_ziggurat

Skill      XL: |  1  2  3  4 |
---------------+-------------+-----
Stealth        | 7 |  7.9
Fighting       | 4 |  4.3
Dodging        | 3 |  3.5
Short Blades   | |  2.9
Maces & Flails | |  0.3

Action                     |  1- 3 |  4- 6 || total
---------------------------+-------+-------++-------
  Melee: Short sword       |     4 |    13 ||    17
         Morningstar       |       |    10 ||    10
         Constrict         |       |     5 ||     5
         Tentacles         |       |     4 ||     4
    Use: Potion            |       |     1 ||     1
   Stab: Sleeping          |     4 |     2 ||     6
 Armour: Skin              |       |    23 ||    23
  Dodge: Dodged            |       |    38 ||    38
